 Dungeon Crawl Stone Soup version 0.19.1 (webtiles) character file.

2163 nikopol the Cleaver (level 9, 0/120 (121) HPs)
             Began as a Minotaur Berserker on Nov 27, 2016.
             Was a Priest of Trog.
             Succumbed to a green ugly thing's poison
             ... on level 6 of the Dungeon.
             The game lasted 00:11:43 (5034 turns).

nikopol the Cleaver (Minotaur Berserker)            Turns: 5034, Time: 00:11:44

HP:   0/120 (121)   AC:  9    Str: 28    XL:     9   Next: 10%
MP:   8/8           EV: 14    Int:  4    God:    Trog [***...]
Gold: 284           SH:  0    Dex: 12    Spells: 0 memorised, 8 levels left

rFire  . . .     SeeInvis .     a - +0 hand axe
rCold  . . .     Gourm    .     v - +0 ring mail {rN+}
rNeg   + . .     Faith    .     (no shield)
rPois  .         Spirit   .     (helmet restricted)
rElec  .         Reflect  .     u - +0 cloak
rCorr  .         Harm     .     A - +0 pair of gloves
MR     .....                    (no boots)
Stlth  ..........               (no amulet)
                                (no ring)
                                (no ring)

@: berserking, lethally poisoned (0 -> -50), very quick
A: retaliatory headbutt, horns 2
a: Berserk, Trog's Hand, Burn Spellbooks, Renounce Religion


You were on level 6 of the Dungeon.
You worshipped Trog.
Trog was most pleased with you.
You were very hungry.

You visited 1 branch of the dungeon, and saw 6 of its levels.
You also visited: Ossuary.

You collected 284 gold pieces.

Inventory:

Hand Weapons
 a - a +0 hand axe (weapon)
 z - a +0 shortbow
Missiles
 h - 110 arrows (quivered)
Armour
 b - a +0 animal skin
 i - a +0 ring mail
 u - a +0 cloak (worn)
 v - a +0 ring mail of positive energy (worn)
 A - a +0 pair of gloves (worn)
Jewellery
 F - an uncursed amulet of rage {unknown}
Wands
 x - a wand of digging (11/24)
 D - a wand of teleportation (3/9)
Scrolls
 d - a scroll of fog {unknown}
 e - a scroll of noise {unknown}
 g - 3 scrolls of enchant armour {unknown}
 j - 11 scrolls of identify {unknown}
 k - 2 scrolls of blinking {unknown}
 o - 3 scrolls of remove curse {unknown}
 r - 4 scrolls of fear {unknown}
 y - a scroll of enchant weapon {unknown}
 C - 4 scrolls of amnesia {unknown}
Potions
 c - a potion of cure mutation {unknown}
 f - 8 potions of curing {unknown}
 m - a potion of cancellation {unknown}
 n - 2 potions of heal wounds {unknown}
 p - 3 potions of lignification {unknown}
 q - a potion of magic {unknown}
 s - a potion of mutation {unknown}
 t - a potion of haste {unknown}
 E - 3 potions of resistance {unknown}
 G - a potion of agility {unknown}
Comestibles
 l - 6 fruits
 w - 4 meat rations
 B - 2 bread rations
 H - a chunk of flesh


   Skills:
 + Level 7.9 Fighting
 * Level 8.0 Axes
 * Level 0.9 Bows
 + Level 7.7 Armour
 + Level 6.9 Dodging


You had 8 spell levels left.
You didn't know any spells.

Dungeon Overview and Level Annotations

Branches:
Dungeon (6/15)
 Temple: D:4-7

Altars:
Ashenzari
Elyvilon
Fedhas
Gozag
Kikubaaqudgha


Innate Abilities, Weirdness & Mutations

You reflexively headbutt those who attack you in melee.
You have a pair of horns on your head.


Message History

You feel sick. The green ugly thing tail-slaps you.
* * * LOW HITPOINT WARNING * * *
You closely miss the green ugly thing.
The green ugly thing is heavily wounded.
* * * LOW HITPOINT WARNING * * *
You feel sick.
You barely miss the green ugly thing.
The green ugly thing is heavily wounded.
* * * LOW HITPOINT WARNING * * *
You feel sick. The green ugly thing tail-slaps you.
* * * LOW HITPOINT WARNING * * *
You are more poisoned.
The green ugly thing poisons you!
You slice the green ugly thing!! You headbutt the green ugly thing.
The green ugly thing is almost dead.
* * * LOW HITPOINT WARNING * * *
You feel very sick.
You closely miss the green ugly thing.
The green ugly thing is almost dead.
You die...

#................<..
###...................
.....................
....................
#.....[............
##.......(.........
#..............#..
####
#.............##..
##....##@#..........##
#.....(u###........##
........# ##..######
(.......# ####
(........ ....[....
.........# .........#
.........#


You could see a green ugly thing.

Vanquished Creatures
  Grinder (D:4)
  Sigmund (D:4)
  The ghost of Lluna the Covert, an amateur SpAs (D:4)
  Eustachio (D:5)
  A necrophage (D:3)
  2 phantoms (D:5)
  An ogre (D:4)
  A centaur (D:5)
  Blork the orc (D:4)
  4 elf zombies (Ossuary)
  A scorpion (D:5)
  2 centaur zombies (Ossuary)
  3 crimson imps (D:5)
  Crazy Yiuf (D:5)
  6 human zombies (Ossuary)
  2 orc priests (D:5)
  2 orc wizards
  2 worker ants
  4 mummies
  3 gnolls (D:5)
  3 adders
  2 oozes
  3 dart slugs
  3 leopard geckos
  10 orcs
  5 bats
  8 goblins
  9 hobgoblins
  8 jackals
  16 kobolds
  A quokka (D:4)
  A ball python (D:5)
  2 frilled lizards
  A hobgoblin zombie (D:4)
  A jackal skeleton (D:5)
  An orc zombie (D:4)
  A quokka skeleton (D:5)
  7 rats
  A plant (D:2)
123 creatures vanquished.

Notes
Turn   | Place    | Note
-------+----------+-------------------------------------------
     0 | D:1      | nikopol the Minotaur Berserker began the quest for the Orb.
     0 | D:1      | Reached XP level 1. HP: 19/19 MP: 0/0
   128 | D:1      | Reached XP level 2. HP: 27/27 MP: 1/1
   489 | D:1      | Reached XP level 3. HP: 33/33 MP: 2/2
   867 | D:2      | Reached skill level 4 in Axes
  1144 | D:2      | Reached ** piety under Trog
  1168 | D:2      | Reached XP level 4. HP: 35/40 MP: 3/3
  1811 | D:3      | Found a faded altar of an unknown god.
  2092 | D:3      | Noticed a necrophage
  2101 | D:3      | Killed a necrophage
  2101 | D:3      | Reached XP level 5. HP: 42/46 MP: 4/4
  2176 | D:3      | Found an opulent altar of Gozag.
  2536 | D:4      | Found a sand-covered staircase.
  2546 | Ossuary  | Entered an ossuary
  2605 | Ossuary  | HP: 3/69 [elf zombie (3)]
  2606 | Ossuary  | Reached skill level 5 in Axes
  2606 | Ossuary  | Reached XP level 6. HP: 3/54 MP: 5/5
  2607 | Ossuary  | HP: 1/81 [elf zombie (3)]
  2613 | Ossuary  | Reached skill level 5 in Fighting
  2929 | Ossuary  | Reached skill level 5 in Armour
  2941 | Ossuary  | Reached XP level 7. HP: 53/60 MP: 6/6
  2990 | Ossuary  | Reached skill level 5 in Dodging
  3024 | Ossuary  | Reached *** piety under Trog
  3024 | Ossuary  | Reached skill level 6 in Axes
  3280 | D:4      | Noticed Blork the orc
  3288 | D:4      | Killed Blork the orc
  3295 | D:4      | Noticed Lluna's ghost (amateur SpAs)
  3349 | D:4      | Killed Lluna's ghost
  3402 | D:4      | Reached XP level 8. HP: 70/70 MP: 7/7
  3560 | D:4      | Noticed Sigmund
  3569 | D:4      | Killed Sigmund
  3595 | D:4      | Found a blossoming altar of Fedhas.
  3595 | D:4      | Found a white marble altar of Elyvilon.
  3596 | D:4      | Found an ancient bone altar of Kikubaaqudgha.
  3607 | D:4      | Found an opulent altar of Gozag.
  3730 | D:4      | Noticed Grinder
  3742 | D:4      | Killed Grinder
  3742 | D:4      | Reached skill level 7 in Axes
  4063 | D:5      | Entered Level 5 of the Dungeon
  4334 | D:5      | Noticed Eustachio
  4344 | D:5      | Killed Eustachio
  4443 | D:5      | Found a shattered altar of Ashenzari.
  4459 | D:5      | Reached XP level 9. HP: 75/80 MP: 8/8
  4909 | D:5      | Found a runed door.
  4914 | D:5      | Noticed Crazy Yiuf
  4917 | D:5      | Killed Crazy Yiuf
  4917 | D:5      | Reached skill level 8 in Axes
  5016 | D:6      | Noticed a green ugly thing
  5032 | D:6      | HP: 4/120 [green ugly thing (6)]
  5033 | D:6      | HP: 1/120 [poisoned by a green ugly thing]
  5034 | D:6      | Succumbed to a green ugly thing's poison

Skill      XL: |  1  2  3  4  5  6  7  8  9 |
---------------+----------------------------+-----
Dodging        | 3 4 5 6 |  6.9
Axes           | 4 5 6 7 8 |  8.0
Armour         | 3 4 5 6 7 |  7.7
Fighting       | 4 5 6 7 |  7.9
Bows           | |  0.9

Action                   |  1- 3 |  4- 6 |  7- 9 || total
-------------------------+-------+-------+-------++-------
Melee: Hand axe          |    76 |   123 |   184 ||   383
       Headbutt          |     5 |    21 |    42 ||    68
 Fire: Shortbow          |       |       |    40 ||    40
Invok: Berserk           |       |     1 |     5 ||     6
       Trog's Hand       |       |       |     1 ||     1
  Eat: Chunk             |     1 |     4 |     9 ||    14
       Bread ration      |       |     1 |       ||     1
Armor: Ring mail         |    12 |    39 |    34 ||    85
       Animal skin       |     1 |       |       ||     1
Dodge: Dodged            |    49 |    54 |   111 ||   214
